TOP OF THE 1ST |
San Francisco Giants batting - Pitching for San Diego Padres : RHP Chad Kuhl
|
Pitching: RHP Chad Kuhl
|
|
Batting: RHB Welington Castillo
|
0-0: Foul Ball, location: 2F 0-1: Ball 1-1: Ball 2-1: Fly out, F8 (Line Drive, 8RD, EV 85.0 MPH)
|
Batting: LHB Cavan Biggio
|
0-0: Called Strike 0-1: Ball 1-1: Foul Ball, location: 2F 1-2: Ground out 3-1 (Groundball, 23, EV 80.6 MPH)
|
Batting: RHB Austin Slater
|
0-0: Foul Ball, location: 2F 0-1: Foul Ball, location: 2F 0-2: Foul Ball, location: 2F 0-2: Ball 1-2: Fly out, F7 (Flyball, 7D, EV 102.5 MPH)
|
Top of the 1st over - 0 runs, 0 hits, 0 errors, 0 left on base; San Francisco 0 - San Diego 0 |
BOTTOM OF THE 1ST |
San Diego Padres batting - Pitching for San Francisco Giants : RHP Roel Ramirez
|
Pitching: RHP Roel Ramirez
|
|
Batting: SHB Victor Caratini
|
0-0: Called Strike 0-1: Called Strike 0-2: Ball 1-2: Ball 2-2: Ball 3-2: Strikes out swinging
|
Batting: SHB Freddy Galvis
|
0-0: Ball 1-0: Ball 2-0: Ball 3-0: Base on Balls
|
Batting: LHB Mike Tauchman
|
0-0: Ball 1-0: Ball Passed Ball! Freddy Galvis to second 2-0: Ball 3-0: Base on Balls
|
Batting: LHB Max Kepler
|
0-0: Ball 1-0: Ball 2-0: Ball 3-0: Base on Balls Freddy Galvis to third Mike Tauchman to second
|
Batting: SHB Carlos Santana
|
0-0: Swinging Strike 0-1: Ball 1-1: SINGLE (Line Drive, 4MD, EV 98.1 MPH) Freddy Galvis scores Mike Tauchman to third Max Kepler to second
|
Batting: RHB Christian Arroyo
|
0-0: Called Strike 0-1: Called Strike 0-2: Strikes out swinging
|
Batting: SHB Johan Camargo
|
0-0: Swinging Strike 0-1: Swinging Strike 0-2: Fly out, F8 (Line Drive, 8RD, EV 102.5 MPH)
|
Bottom of the 1st over - 1 run, 1 hit, 0 errors, 3 left on base; San Francisco 0 - San Diego 1 |
TOP OF THE 2ND |
San Francisco Giants batting - Pitching for San Diego Padres : RHP Chad Kuhl
|
Batting: LHB Travis Jankowski
|
0-0: Ball 1-0: Foul Ball, location: 2F 1-1: Ball 2-1: Foul Ball, location: 2F 2-2: Foul Ball, location: 2F 2-2: Ground out U3 (Groundball, 3, EV 83.8 MPH)
|
Batting: LHB Ryan Schimpf
|
0-0: Foul Ball, location: 2F 0-1: Swinging Strike 0-2: Ball 1-2: Strikes out swinging
|
Batting: RHB Yairo Munoz
|
0-0: SINGLE (Groundball, 34S, EV 66.9 MPH) (infield hit)
|
Batting: LHB Steven Duggar
|
0-0: Ball 1-0: Foul Ball, location: 2F 1-1: Ball 2-1: Foul Ball, location: 2F 2-2: Foul Ball, location: 2F 2-2: Ball 3-2: Strikes out swinging
|
Top of the 2nd over - 0 runs, 1 hit, 0 errors, 1 left on base; San Francisco 0 - San Diego 1 |
BOTTOM OF THE 2ND |
San Diego Padres batting - Pitching for San Francisco Giants : RHP Roel Ramirez
|
Batting: RHB Chad Kuhl
|
0-0: Called Strike 0-1: Foul Ball, location: 2F 0-2: Strikes out looking
|
Batting: RHB Lorenzo Cain
|
0-0: Ball 1-0: Called Strike 1-1: DOUBLE (Line Drive, 9LS, EV 95.0 MPH)
|
Batting: SHB Victor Caratini
|
0-0: Ball 1-0: Foul Ball, location: 2F 1-1: Foul Ball, location: 2F 1-2: Ball 2-2: Foul Ball, location: 2F 2-2: DOUBLE (Line Drive, 78D, EV 111.3 MPH) Lorenzo Cain scores
|
Batting: SHB Freddy Galvis
|
0-0: Ball Wild Pitch! Victor Caratini to third 1-0: Ground out 1-3 (Groundball, 13S, EV 62.5 MPH)
|
Batting: LHB Mike Tauchman
|
0-0: Foul Ball, location: 2F 0-1: Fly out, F8 (Flyball, 8LS, EV 88.8 MPH)
|
Bottom of the 2nd over - 1 run, 2 hits, 0 errors, 1 left on base; San Francisco 0 - San Diego 2 |
TOP OF THE 3RD |
San Francisco Giants batting - Pitching for San Diego Padres : RHP Chad Kuhl
|
Batting: RHB Dylan Moore
|
0-0: Ball 1-0: Called Strike 1-1: Foul Ball, location: 2F 1-2: Strikes out swinging
|
Batting: RHB Roel Ramirez
|
0-0: Ball 1-0: Called Strike 1-1: Swinging Strike 1-2: Foul Ball, location: 2F 1-2: Ball 2-2: Foul Ball, location: 2F 2-2: Ball 3-2: Strikes out swinging
|
Batting: RHB Welington Castillo
|
0-0: Called Strike 0-1: Fly out, F7 (Line Drive, 7, EV 95.0 MPH)
|
Top of the 3rd over - 0 runs, 0 hits, 0 errors, 0 left on base; San Francisco 0 - San Diego 2 |
BOTTOM OF THE 3RD |
San Diego Padres batting - Pitching for San Francisco Giants : RHP Roel Ramirez
|
Batting: LHB Max Kepler
|
0-0: Ball 1-0: Foul Ball, location: 2F 1-1: DOUBLE (Flyball, 8RXD, EV 108.1 MPH)
|
Batting: SHB Carlos Santana
|
0-0: Ball 1-0: Ball 2-0: Called Strike 2-1: Called Strike 2-2: Foul Ball, location: 2F 2-2: Ball 3-2: Foul Ball, location: 2F 3-2: Base on Balls
|
Batting: RHB Christian Arroyo
|
0-0: DOUBLE (Line Drive, 89D, EV 103.1 MPH) Max Kepler scores Carlos Santana to third
|
Batting: SHB Johan Camargo
|
0-0: Intentional Walk
|
Batting: RHB Chad Kuhl
|
0-0: Called Strike 0-1: Ball Passed Ball! Carlos Santana scores Christian Arroyo to third Johan Camargo to second 1-1: Ball 2-1: Foul Ball, location: 2F 2-2: Strikes out swinging
|
Batting: RHB Lorenzo Cain
|
0-0: Swinging Strike 0-1: Ground out 4-3 (Groundball, 4, EV 92.5 MPH)
|
Batting: SHB Victor Caratini
|
0-0: Foul Ball, location: 2F 0-1: Ball 1-1: Ball 2-1: Hit by Pitch
|
Batting: SHB Freddy Galvis
|
0-0: Ball 1-0: Ball Wild Pitch! Christian Arroyo scores Johan Camargo to third Victor Caratini to second 2-0: Called Strike 2-1: Ground out U3 (Groundball, 3L, EV 87.5 MPH)
|
Bottom of the 3rd over - 3 runs, 2 hits, 0 errors, 2 left on base; San Francisco 0 - San Diego 5 |
TOP OF THE 4TH |
San Francisco Giants batting - Pitching for San Diego Padres : RHP Chad Kuhl
|
Batting: LHB Cavan Biggio
|
0-0: Fly out, F7 (Flyball, 7D, EV 91.9 MPH)
|
Batting: RHB Austin Slater
|
0-0: Foul Ball, location: 2F 0-1: Called Strike 0-2: Ball 1-2: Strikes out swinging
|
Batting: LHB Travis Jankowski
|
0-0: Called Strike 0-1: Foul Ball, location: 2F 0-2: Ball 1-2: Foul Ball, location: 2F 1-2: Ball 2-2: Ball 3-2: Ground out 4-3 (Groundball, 4M, EV 82.5 MPH)
|
Top of the 4th over - 0 runs, 0 hits, 0 errors, 0 left on base; San Francisco 0 - San Diego 5 |
BOTTOM OF THE 4TH |
San Diego Padres batting - Pitching for San Francisco Giants : RHP Roel Ramirez
|
Batting: LHB Mike Tauchman
|
0-0: Called Strike 0-1: Foul Ball, location: 2F 0-2: Ball 1-2: Fly out, F8 (Flyball, 8RXD, EV 99.4 MPH)
|
Batting: LHB Max Kepler
|
0-0: Swinging Strike 0-1: Ball 1-1: Ground out 6-3 (Groundball, 4MD, EV 78.8 MPH)
|
Batting: SHB Carlos Santana
|
0-0: Foul Ball, location: 2F 0-1: Foul Ball, location: 2F 0-2: Foul Ball, location: 2F 0-2: Ball 1-2: SINGLE (Groundball, 4S, EV 83.8 MPH) (infield hit)
|
Pitching: RHP Anthony Bass
|
|
Batting: RHB Christian Arroyo
|
0-0: Called Strike 0-1: Ball 1-1: Fly out, F9 (Line Drive, 9, EV 94.4 MPH)
|
Bottom of the 4th over - 0 runs, 1 hit, 0 errors, 1 left on base; San Francisco 0 - San Diego 5 |
TOP OF THE 5TH |
San Francisco Giants batting - Pitching for San Diego Padres : RHP Chad Kuhl
|
Batting: LHB Ryan Schimpf
|
0-0: Ball 1-0: Ball 2-0: Ball 3-0: Called Strike 3-1: Foul Ball, location: 2F 3-2: Strikes out swinging
|
Batting: RHB Yairo Munoz
|
0-0: Called Strike 0-1: Called Strike 0-2: Foul Ball, location: 2F 0-2: Foul Ball, location: 2F 0-2: Fly out, F8 (Flyball, 8RD, EV 95.6 MPH)
|
Batting: LHB Steven Duggar
|
0-0: Ball 1-0: Foul Ball, location: 2F 1-1: Called Strike 1-2: Ball 2-2: Fly out, F5 (Popup, 56S, EV 70.6 MPH)
|
Top of the 5th over - 0 runs, 0 hits, 0 errors, 0 left on base; San Francisco 0 - San Diego 5 |
BOTTOM OF THE 5TH |
San Diego Padres batting - Pitching for San Francisco Giants : RHP Anthony Bass
|
Batting: SHB Johan Camargo
|
0-0: Called Strike 0-1: Called Strike 0-2: Ball 1-2: Foul Ball, location: 2F 1-2: SINGLE (Groundball, 4MD, EV 105.6 MPH)
|
Batting: RHB Chad Kuhl
|
0-0: Sac Bunt to 13 - play at first, batter OUT! 1-4 Johan Camargo to second
|
Batting: RHB Lorenzo Cain
|
0-0: Ground out U3 (Groundball, 34, EV 90.6 MPH) Johan Camargo to third
|
Batting: SHB Victor Caratini
|
0-0: Intentional Walk
|
Batting: SHB Freddy Galvis
|
0-0: Foul Ball, location: 2F 0-1: Swinging Strike 0-2: Ground out 4-3 (Groundball, 4, EV 90.6 MPH)
|
Bottom of the 5th over - 0 runs, 1 hit, 0 errors, 2 left on base; San Francisco 0 - San Diego 5 |
TOP OF THE 6TH |
San Francisco Giants batting - Pitching for San Diego Padres : RHP Chad Kuhl
|
Batting: RHB Dylan Moore
|
0-0: Called Strike 0-1: Ball 1-1: Ball 2-1: Swinging Strike 2-2: Strikes out looking
|
Pinch Hitting: RHB David Bote
|
0-0: Ball 1-0: Ground out 5-3 (Groundball, 56, EV 82.5 MPH)
|
Batting: RHB Welington Castillo
|
0-0: Foul Ball, location: 2F 0-1: Swinging Strike 0-2: Fly out, F9 (Flyball, 89D, EV 76.3 MPH)
|
Top of the 6th over - 0 runs, 0 hits, 0 errors, 0 left on base; San Francisco 0 - San Diego 5 |
BOTTOM OF THE 6TH |
San Diego Padres batting - Pitching for San Francisco Giants : RHP Anthony Bass
|
Pitching: RHP Joakim Soria
|
|
Batting: LHB Mike Tauchman
|
0-0: Called Strike 0-1: Swinging Strike 0-2: Ball 1-2: Fly out, F5 (Flyball, 5D, EV 84.4 MPH)
|
Batting: LHB Max Kepler
|
0-0: Called Strike 0-1: Ball 1-1: Ball 2-1: Ball 3-1: Foul Ball, location: 2F 3-2: Foul Ball, location: 2F 3-2: Foul Ball, location: 2F 3-2: Base on Balls
|
Batting: SHB Carlos Santana
|
0-0: Foul Ball, location: 2F 0-1: Ball 1-1: Foul Ball, location: 2F 1-2: Strikes out swinging
|
Batting: RHB Christian Arroyo
|
0-0: Called Strike 0-1: Swinging Strike 0-2: SINGLE (Groundball, 6D, EV 101.3 MPH) Max Kepler to second
|
Batting: SHB Johan Camargo
|
0-0: Ball 1-0: Called Strike 1-1: Foul Ball, location: 2F 1-2: Foul Ball, location: 2F 1-2: Strikes out swinging
|
Bottom of the 6th over - 0 runs, 1 hit, 0 errors, 2 left on base; San Francisco 0 - San Diego 5 |
TOP OF THE 7TH |
San Francisco Giants batting - Pitching for San Diego Padres : RHP Chad Kuhl
|
Batting: LHB Cavan Biggio
|
0-0: Ball 1-0: Called Strike 1-1: Ball 2-1: Ground out 6-3 (Groundball, 6, EV 86.3 MPH)
|
Batting: RHB Austin Slater
|
0-0: Called Strike 0-1: Foul Ball, location: 2F 0-2: Ball 1-2: Ball 2-2: Ball 3-2: Strikes out swinging
|
Batting: LHB Travis Jankowski
|
0-0: Foul Ball, location: 2F 0-1: Ball 1-1: Called Strike 1-2: Foul Ball, location: 2F 1-2: Ball 2-2: Ground out 6-3 (Groundball, 6M, EV 106.9 MPH)
|
Top of the 7th over - 0 runs, 0 hits, 0 errors, 0 left on base; San Francisco 0 - San Diego 5 |
BOTTOM OF THE 7TH |
San Diego Padres batting - Pitching for San Francisco Giants : RHP Joakim Soria
|
Batting: RHB Chad Kuhl
|
0-0: Swinging Strike 0-1: Swinging Strike 0-2: Foul Ball, location: 2F 0-2: Ball 1-2: Strikes out looking
|
Batting: RHB Lorenzo Cain
|
0-0: Ball 1-0: Swinging Strike 1-1: Foul Ball, location: 2F 1-2: Ball 2-2: SINGLE (Line Drive, 9LS, EV 93.1 MPH)
|
Batting: SHB Victor Caratini
|
0-0: Fly out, F8 (Flyball, 8RM, EV 95.6 MPH)
|
Pitching: RHP Daniel Hudson
|
|
Batting: SHB Freddy Galvis
|
0-0: Ball Passed Ball! Lorenzo Cain to second 1-0: Called Strike 1-1: Ball 2-1: Ball 3-1: Fly out, F9 (Flyball, 9, EV 93.8 MPH)
|
Bottom of the 7th over - 0 runs, 1 hit, 0 errors, 1 left on base; San Francisco 0 - San Diego 5 |
TOP OF THE 8TH |
San Francisco Giants batting - Pitching for San Diego Padres : RHP Chad Kuhl
|
Pitching: LHP Scott Alexander
|
|
Batting: LHB Ryan Schimpf
|
0-0: Called Strike 0-1: Ball 1-1: Ball 2-1: Foul Ball, location: 2F 2-2: Strikes out swinging
|
Batting: RHB Yairo Munoz
|
0-0: Called Strike 0-1: Ground out 6-3 (Groundball, 6M, EV 79.4 MPH)
|
Batting: LHB Steven Duggar
|
0-0: Foul Ball, location: 2F 0-1: Called Strike 0-2: Strikes out looking
|
Top of the 8th over - 0 runs, 0 hits, 0 errors, 0 left on base; San Francisco 0 - San Diego 5 |
BOTTOM OF THE 8TH |
San Diego Padres batting - Pitching for San Francisco Giants : RHP Daniel Hudson
|
Batting: LHB Mike Tauchman
|
0-0: Ball 1-0: Ball 2-0: Called Strike 2-1: Ball 3-1: Base on Balls
|
Batting: LHB Max Kepler
|
0-0: SINGLE (Groundball, 34S, EV 72.5 MPH) (infield hit) Mike Tauchman to second
|
Batting: SHB Carlos Santana
|
0-0: Called Strike 0-1: Foul Ball, location: 2F 0-2: Strikes out looking
|
Batting: RHB Christian Arroyo
|
0-0: Called Strike 0-1: Foul Ball, location: 2F 0-2: Ball 1-2: Fielders Choice at 2nd, 3-6 (Groundball, 34, EV 100.6 MPH) Mike Tauchman to third
|
Batting: SHB Johan Camargo
|
0-0: Called Strike 0-1: Ball 1-1: Swinging Strike 1-2: Strikes out swinging
|
Bottom of the 8th over - 0 runs, 1 hit, 0 errors, 2 left on base; San Francisco 0 - San Diego 5 |
TOP OF THE 9TH |
San Francisco Giants batting - Pitching for San Diego Padres : LHP Scott Alexander
|
Batting: RHB Dylan Moore
|
0-0: Called Strike 0-1: Swinging Strike 0-2: Ground out 6-3 (Groundball, 6, EV 83.1 MPH)
|
Pinch Hitting: SHB Jonah Heim
|
0-0: Called Strike 0-1: Ball 1-1: Ball 2-1: Ground out 5-3 (Groundball, 56, EV 76.9 MPH)
|
Batting: RHB Welington Castillo
|
0-0: Ball 1-0: Ball 2-0: Called Strike 2-1: Ball 3-1: Called Strike 3-2: Strikes out swinging
|
Top of the 9th over - 0 runs, 0 hits, 0 errors, 0 left on base; San Francisco 0 - San Diego 5 |
|